 Dungeon Crawl Stone Soup version 0.27-a0-1347-gd8886f0a89 (webtiles) character file.

Game seed: 13290213571206905233

7175 Shayle the Fiendish (level 11, -14/104 HPs)
             Began as a Naga Hedge Wizard on June 26, 2021.
             Was a Priest of Makhleb.
             Shot with a bolt by a yaktaur captain (21 damage)
             ... on level 9 of the Dungeon on June 27, 2021.
             The game lasted 00:35:22 (10060 turns).

Shayle the Fiendish (Naga Hedge Wizard)            Turns: 10060, Time: 00:35:22

Health: -14/104    AC: 16    Str: 15    XL:     11   Next: 11%
Magic:  18/18      EV: 16    Int: 28    God:    Makhleb [***...]
Gold:   558        SH:  0    Dex: 18    Spells: 10/16 levels left

rFire    . . .     SeeInvis +   s - +5 bardiche "Huc Anim" {drain, rC- Will- Int+8 Dex+7}
rCold    x . .     Faith    .   (shield currently unavailable)
rNeg     . . .     Spirit   .   r - +5 ring mail "Nuoryz" {Rampage rCorr Str+2 Int+3}
rPois    +         Reflect  .   o - +0 helmet
rElec    .         Harm     .   v - +1 cloak
rCorr    +         Rampage  +   (no gloves)
Will     .....                  (no barding)
Stlth    ++........             e - amulet of regeneration
HPRegen  1.27/turn              l - +4 ring of evasion
MPRegen  0.16/turn              (no ring)

@: very slow
A: AC +3, large, see invisible, deformed body, poison resistance, slowness 2,
spit poison 1, naga tail 1
a: Spit Poison, Renounce Religion, Minor Destruction, Lesser Servant of Makhleb


You were on level 9 of the Dungeon.
You worshipped Makhleb.
Makhleb was most pleased with you.
You visited 2 branches of the dungeon, and saw 10 of its levels.
You also visited: Ossuary.

You collected 558 gold pieces.

Inventory:

Hand Weapons
 a - a +1 dagger
 f - a +2 short sword of draining
 k - a +2 dagger of draining
 p - a +3 dagger of flaming
 s - the +5 bardiche "Huc Anim" (weapon) {drain, rC- Will- Int+8 Dex+7}
   (You found it on level 5 of the Dungeon)

   A truly terrible weapon, it drains the life of those it strikes.
   Int:       It affects your intelligence (+8).
   Dex:       It affects your dexterity (+7).
   rC:        It makes you vulnerable to cold.
   Will:      It decreases your willpower.
 x - a +1 morningstar of protection
 A - a +2 vorpal dire flail
 O - a +1 whip of freezing
Missiles
 y - a throwing net
 F - 2 curare-tipped darts
 M - 10 atropa-tipped darts
Armour
 b - a +0 robe
 c - a +0 hat
 g - the +1 ring mail of the Arcane {Str+4 Stlth+}
   (You found it on level 4 of the Dungeon)

   Str:       It affects your strength (+4).
   Stlth:     It makes you more stealthy.
 o - a +0 helmet (worn)
 r - the +5 ring mail "Nuoryz" (worn) {Rampage rCorr Str+2 Int+3}
   (You found it on level 4 of the Dungeon)

   Str:       It affects your strength (+2).
   Int:       It affects your intelligence (+3).
   rCorr:     It protects you from acid and corrosion.
   Rampage:   It bestows one free step when moving towards enemies.
 v - a +1 cloak (worn)
 Q - +0 acid dragon scales
Jewellery
 d - a ring of ice
 e - an amulet of regeneration (around neck)
 l - a +4 ring of evasion (left hand)
Wands
 u - a wand of iceblast (4)
 w - a wand of flame (21)
 J - a wand of polymorph (7)
 K - a wand of paralysis (6)
Scrolls
 h - 2 scrolls of fog
 i - 6 scrolls of teleportation
 n - 2 scrolls of identify
 z - 3 scrolls of amnesia
 B - 4 scrolls of brand weapon
Potions
 j - 4 potions of haste
 m - 2 potions of flight
 q - 2 potions of ambrosia
 t - 3 potions of mutation
 C - a potion of brilliance {unknown}
 D - a potion of resistance {unknown}
 E - a potion of invisibility {unknown}
 G - a potion of berserk rage
 H - a potion of degeneration {unknown}
 I - a potion of curing {unknown}
 L - 2 potions of might
 N - a potion of magic {unknown}
 P - a potion of cancellation


   Skills:
 + Level 8.6 Fighting
 + Level 6.1 Armour
 + Level 7.5 Dodging
 - Level 3.0 Stealth
 - Level 3.0 Spellcasting
 - Level 1.0 Conjurations
 - Level 1.0 Summonings
 - Level 1.0 Translocations
 + Level 9.4 Invocations


You had 10 spell levels left.
You knew the following spells:

 Your Spells              Type           Power      Damage    Failure   Level
a - Magic Dart            Conj           36%        1d4       10%         1
b - Call Imp              Summ           9%         N/A       14%         2
c - Conjure Flame         Conj/Fire      7%         6-21      34%         3

Your spell library contained the following spells:

 Spells                   Type           Power      Damage    Failure   Level
 Apportation              Tloc           18%        N/A       10%         1
 Sting                    Tmut/Pois      16%        1d3       14%         1
 Blink                    Tloc           N/A        N/A       14%         2
 Slow                     Hex            4%         N/A       22%         2
 Gell's Gravitas          Tloc           4%         N/A       28%         3
 Lesser Beckoning         Tloc           4%         N/A       28%         3
 Dazzling Flash           Conj/Hex       14%        N/A       34%         3
 Mephitic Cloud           Conj/Pois/Air  6%         N/A       36%         3
 Confusing Touch          Hex            4%         N/A       41%         3
 Spider Form              Tmut/Pois      2%         N/A       41%         3
 Tukima's Dance           Hex            4%         N/A       41%         3
 Cause Fear               Hex            2%         N/A       82%         4
 Leda's Liquefaction      Hex/Erth       2%         N/A       82%         4
 Petrify                  Tmut/Erth      4%         N/A       82%         4
 Alistair's Intoxication  Tmut/Pois      2%         N/A       99%         5
 Metabolic Englaciation   Hex/Ice        2%         N/A       99%         5
 Silence                  Hex/Air        2%         N/A       99%         5
 Yara's Violent Unravell  Hex/Tmut       2%         3d3       99%         5
 Invisibility             Hex            2%         N/A       100%        6


Dungeon Overview and Level Annotations

Branches:
Dungeon (9/15)             Temple (1/1) D:5             Orc (0/2) D:9
Ossuary (visited)
   Lair: D:8-11

Altars:
Ashenzari
Cheibriados
Dithmenos
Elyvilon
Fedhas
Gozag
Hepliaklqana
Kikubaaqudgha
Makhleb
Okawaru
Qazlal
Ru
Sif Muna
Trog
Uskayaw
Vehumet
Wu Jian
Xom
Yredelemnul
Zin
The Shining One

Shops:
D:2 [

Annotations:
D:9 1 runed translucent door, pokeman's ghost, novice DEWz


Innate Abilities, Weirdness & Mutations

Your serpentine skin is tough. (AC +3)
You have supernaturally acute eyesight. (SInv)
Armour fits poorly on your strangely shaped body.
Your system is resistant to poisons. (rPois)
You cover ground very slowly.
You can spit poison.
You have a snake-like lower body.


Message History

Magic restored.
(D) Dungeon (T) Temple (O) Orcish Mines
Where to? (Enter - D:9, ? - help)
Okay, then.
Okay, then.
Search for what [Enter for "cloak", or ? for help]? sci Welcome back, Shayle the Naga Hedge Wizard.
Blood and souls for Makhleb!
Press ? for a list of commands and other information.
Done exploring.
You see here a +0 robe.
There is a stone staircase leading down here.
You climb downwards.
Level annotation: 1 runed translucent door, pokeman's ghost, novice DEWz
There is a stone staircase leading up here.
A yaktaur captain comes into view.
The yaktaur captain shouts!
The yaktaur captain wields a +0 arbalest of flaming.
It bursts into flame!
The yaktaur captain shoots a bolt.
The bolt hits you but does no damage.
Aiming: Paralyse
Press: ? - help, Shift-Dir - straight line, f - yaktaur captain
Aim: a yaktaur captain, wielding a +0 arbalest of flaming and quivering bolts (chance to affect: 15%)
Okay, then.
You can't go up here!
The yaktaur captain shoots a bolt.
The bolt barely misses you.
The yaktaur captain shoots a bolt.
The bolt hits you!! The bolt burns you!
The yaktaur captain shoots a bolt.
The bolt hits you! The bolt burns you.
The yaktaur captain shoots a bolt.
The bolt closely misses you.
The yaktaur captain shoots a bolt.
The bolt completely misses you.
The yaktaur captain shoots a bolt.
The bolt hits you!! The bolt burns you!
Okay, then.
A demon appears!
The yaktaur captain shoots a bolt.
The bolt hits you!
* * * LOW HITPOINT WARNING * * *
The bolt burns you.
* * * LOW HITPOINT WARNING * * *
Unknown command.
It was a potion of cancellation.
You feel magically purged.
The yaktaur captain shoots a bolt.
The bolt hits you!!
You die...

#............(....#
#.................#
#.................#
#..............c..#
#...<.............###
#.................÷.#
####
##.....#..........#.#
#...
#.....#.##.......#÷###o..
#.....#.@...........÷.5..
#.....#..........#.###5..
#.....#4...).............
#.#.#.#..................
#.........#.............[
#..........#.#.#.........
#..........#.#.#.........
#.#........#.#.#.........
#.#..........#.#.........


You could see a yaktaur captain (ally target) and a friendly orange demon
(summoned).

Vanquished Creatures
  A centaur warrior (D:9)
  A two-headed ogre (D:7)
  A cyclops (D:9)
  A kobold demonologist (D:7)
  Prince Ribbit (D:6)
  3 yaks (D:9)
  A steam dragon (D:9)
  Menkaure (D:4)
  Edmund (D:6)
  An acid dragon (D:9)
  Duvessa (D:4)
  A sky beast (D:5)
  4 orc warriors
  A necrophage (D:6)
  4 ogres
  A centaur (D:4)
  4 kobold brigands
  2 bullfrogs
  A gnoll sergeant (D:8)
  A scorpion (D:4)
  An elf skeleton (D:6)
  2 wyvern zombies
  Dowan (D:4)
  2 water moccasin skeletons
  2 killer bees (D:9)
  8 howler monkeys
  2 bullfrog zombies (D:6)
  2 human zombies (D:6)
  A jelly (D:7)
  A hound (D:6)
  A gnoll shaman (D:8)
  4 orc priests
  Terence (D:3)
  A human skeleton (D:6)
  2 iguanas
  10 orc wizards
  A killer bee zombie (D:7)
  A hound zombie (D:5)
  11 mummies (Ossuary)
  Robin (D:3)
  7 adders
  10 gnolls (D:8)
  A shadow imp (D:4)
  An ufetubus (D:4)
  An adder skeleton (D:4)
  A worm (D:2)
  5 dart slugs
  35 orcs
  6 ball pythons
  5 endoplasms
  5 giant cockroaches
  11 goblins
  12 hobgoblins
  9 jackals
  44 kobolds
  7 quokkas
  3 bats
  2 frilled lizards (D:3)
  2 gnoll skeletons (Ossuary)
  2 kobold skeletons (Ossuary)
  6 orc skeletons
  4 rats
  11 rat skeletons (Ossuary)
277 creatures vanquished.

Vanquished Creatures (collateral kills)
  Pikel (D:9)
  Sigmund (D:4)
  2 wyverns (D:9)
  An acid dragon (D:9)
  An orc warrior (D:6)
  Blork the orc (D:5)
  3 killer bees (D:9)
  An orc priest (D:6)
  4 orcs
15 creatures vanquished.

Vanquished Creatures (others)
  3 kobolds (D:9)
  17 plants
20 creatures vanquished.

Grand Total: 312 creatures vanquished

Notes
Turn   | Place    | Note
-------+----------+-------------------------------------------
     0 | D:1      | Shayle the Naga Hedge Wizard began the quest for the Orb.
     0 | D:1      | Reached XP level 1. HP: 15/15 MP: 4/4
   177 | D:1      | Reached XP level 2. HP: 14/24 MP: 6/6
   283 | D:1      | Reached skill level 1 in Invocations
   313 | D:1      | Reached skill level 1 in Fighting
   563 | D:1      | Reached XP level 3. HP: 30/31 MP: 7/7
   753 | D:1      | Found a faded altar of an unknown god.
  1328 | D:2      | Reached skill level 2 in Invocations
  1551 | D:2      | Reached XP level 4. HP: 23/39 MP: 8/8
  1673 | D:2      | Found Wogiof's Armour Shop.
  2152 | D:3      | HP: 1/35 [orc wizard (1)]
  2373 | D:3      | Reached XP level 5. HP: 42/43 MP: 9/9
  2698 | D:3      | Noticed Robin
  2717 | D:3      | Killed Robin
  2841 | D:3      | Noticed Terence
  2870 | D:3      | Killed Terence
  2871 | D:3      | Reached skill level 3 in Invocations
  3193 | D:4      | Identified the +1 ring mail of the Arcane {Str+4 Stlth+}
  3231 | D:4      | Noticed Menkaure
  3236 | D:4      | Learned a level 2 spell: Call Imp
  3240 | D:4      | Learned a level 3 spell: Conjure Flame
  3292 | D:4      | Found a hide-covered altar of Uskayaw.
  3322 | D:4      | Noticed Sigmund
  3329 | D:4      | Killed Sigmund
  3330 | D:4      | Reached XP level 6. HP: 35/52 MP: 5/10
  3505 | D:4      | Identified the +5 ring mail "Nuoryz" {Rampage rCorr Str+2
                  | Int+3}
  3830 | D:4      | Reached skill level 4 in Invocations
  3857 | D:4      | Reached XP level 7. HP: 50/63 MP: 11/11
  4107 | D:4      | Killed Menkaure
  4257 | D:4      | Noticed Dowan
  4257 | D:4      | Noticed Duvessa
  4290 | D:4      | Killed Duvessa
  4314 | D:4      | Killed Dowan
  4315 | D:4      | Reached skill level 1 in Armour
  4315 | D:4      | Reached skill level 5 in Invocations
  4522 | D:5      | Entered Level 5 of the Dungeon
  4571 | D:5      | Identified the +5 bardiche "Huc Anim" {drain, rC- Will-
                  | Int+8 Dex+7}
  4639 | D:5      | Reached XP level 8. HP: 73/73 MP: 12/12
  4834 | D:4      | Reached skill level 5 in Fighting
  4899 | D:5      | Noticed Blork the orc
  4981 | D:5      | Killed Blork the orc
  5106 | D:5      | Found a staircase to the Ecumenical Temple.
  5115 | Temple   | Entered the Ecumenical Temple
  5361 | Temple   | Became a worshipper of Makhleb the Destroyer
  5663 | D:5      | Reached skill level 5 in Dodging
  5663 | D:5      | Reached skill level 6 in Invocations
  5927 | D:6      | Reached XP level 9. HP: 80/82 MP: 13/13
  5961 | D:6      | Noticed Edmund
  5970 | D:6      | Killed Edmund
  6215 | D:6      | Found a sand-covered staircase.
  6224 | Ossuary  | Entered an ossuary
  6309 | Ossuary  | Reached * piety under Makhleb
  6887 | D:6      | Noticed Prince Ribbit
  6889 | D:6      | Reached skill level 7 in Invocations
  6891 | D:6      | Reached ** piety under Makhleb
  7451 | D:6      | Killed Prince Ribbit
  7540 | D:7      | Found a shimmering altar of Xom.
  7540 | D:7      | Found a shimmering altar of Xom.
  7541 | D:7      | Found a shimmering altar of Xom.
  7541 | D:7      | Found a shimmering altar of Xom.
  7543 | D:7      | Found a shimmering altar of Xom.
  7544 | D:7      | Found a shimmering altar of Xom.
  7544 | D:7      | Found a shimmering altar of Xom.
  7544 | D:7      | Found a shimmering altar of Xom.
  7545 | D:7      | Found a shimmering altar of Xom.
  7545 | D:7      | Found a shimmering altar of Xom.
  7545 | D:7      | Found a shimmering altar of Xom.
  8057 | D:7      | Noticed a two-headed ogre
  8062 | D:7      | Killed a two-headed ogre
  8063 | D:7      | Reached skill level 8 in Invocations
  8063 | D:7      | Reached XP level 10. HP: 56/94 MP: 14/16
  8296 | D:7      | Noticed a cane toad
  8299 | D:7      | Noticed an orb spider
  8299 | D:7      | a cane toad changed into an orb spider
  8588 | D:7      | Noticed a faun
  8608 | D:7      | Noticed an eye of devastation
  8732 | D:7      | Noticed a moth of wrath
  8732 | D:7      | an eye of devastation changed into a moth of wrath
  8767 | D:8      | Noticed a kobold demonologist
  8783 | D:7      | Killed a kobold demonologist
  8809 | D:7      | Noticed a swamp dragon
  8834 | D:7      | Noticed a shock serpent
  8834 | D:7      | a swamp dragon changed into a shock serpent
  8896 | D:7      | Noticed an anaconda
  8896 | D:7      | a shock serpent changed into an anaconda
  8902 | D:8      | Reached skill level 5 in Armour
  9165 | D:8      | Found a radiant altar of Vehumet.
  9166 | D:8      | Found a glowing golden altar of the Shining One.
  9166 | D:8      | Found a white marble altar of Elyvilon.
  9166 | D:8      | Found a shimmering blue altar of Sif Muna.
  9172 | D:8      | Reached *** piety under Makhleb
  9297 | D:8      | Identified Tury's Incunabulum of Bewitching Transformation
  9579 | D:9      | Found a stormy altar of Qazlal.
  9670 | D:9      | Found a staircase to the Orcish Mines.
  9717 | D:9      | Found a runed translucent door.
  9718 | D:9      | Noticed pokeman's ghost (novice DEWz)
  9718 | D:9      | Noticed a deep elf knight
  9855 | D:9      | Reached skill level 9 in Invocations
  9860 | D:9      | Noticed a boulder beetle
  9860 | D:9      | Noticed Pikel
  9860 | D:9      | Identified the +11 war axe "Eroilar" {speed, *Noise rC-
                  | rCorr Str+8}
  9879 | D:9      | Paralysed by an orc for 5 turns
  9881 | D:9      | Noticed a tengu warrior
  9916 | D:9      | Killed Pikel
  9929 | D:9      | Found a shadowy altar of Dithmenos.
  9967 | D:9      | Noticed a centaur warrior
  9970 | D:9      | Noticed an eight-headed hydra
  9974 | D:9      | Killed a centaur warrior
  9975 | D:9      | Reached XP level 11. HP: 83/104 MP: 14/18
  9983 | D:9      | Noticed a cyclops
  9988 | D:9      | Killed a cyclops
 10024 | D:8      | Upgraded the game from 0.27-a0-1334-g2746e35aca to
                  | 0.27-a0-1347-gd8886f0a89
 10053 | D:9      | Noticed a yaktaur captain
 10060 | D:9      | Shot with a bolt by a yaktaur captain

Illustrated notes

Levels and vault maps discovered:
D:1:      shiori_shiawase, layout_loops_ring,
          shapermc_ecumenical_altar_mp_vishouse, grunt_decor_cap,
          minmay_misc_feat_four_crosses
D:2:      layout_basic, serial_shops, shop_fountains
D:3:      wad_river_or_something, layout_loops_ring, minmay_diced_spiral,
          uniq_terence, uniq_robin
D:4:      layout_loops_corners, pf_just_have_faith, chequers_big_river,
          uniq_duvessa, uniq_menkaure, uniq_sigmund
D:5:      layout_cave_pods, minmay_temple_entry_stoned_glass, uniq_blork_the_orc
D:6:      layout_basic, nicolae_ossuary_entry_catacombs, uniq_edmund,
          uniq_prince_ribbit1
D:7:      kennysheep_kobold_camp, layout_basic, xom_shifter_show,
          glass_columns_b
D:8:      layout_loops_cross, chequers_temple_overflow_statue_of_worship
D:9:      minmay_sliced_demisemicircle, layout_basic,
          nicolae_qazlal_style_of_elements, nemelex_altar_shiori,
          marbit_many_paths, orc_0_dummy, ebering_ghost_inner_flame, uniq_pikel
Temple:   nicolae_temple_figure_eight

Skill      XL: |  1  2  3  4  5  6  7  8  9 10 11 |
---------------+----------------------------------+-----
Invocations    | 1 2 3 4 5 6 8 9 |  9.4
Fighting       | 1 2 3 4 5 7 8 |  8.6
Dodging        | 2 3 4 5 6 7 |  7.5
Armour         | 1 3 4 5 6 |  6.1
Stealth        | |  3.0
Spellcasting   | |  3.0
Conjurations   | |  1.0
Summonings     | |  1.0
Translocations | |  1.0

Action                   |  1- 3 |  4- 6 |  7- 9 | 10-12 || total
-------------------------+-------+-------+-------+-------++-------
Melee: Dagger            |   144 |   178 |       |       ||   322
       Short sword       |       |    63 |    69 |       ||   132
       Bardiche          |       |       |   318 |   157 ||   475
 Cast: Magic Dart        |     7 |    13 |     7 |     1 ||    28
       Call Imp          |       |     4 |    21 |     5 ||    30
Invok: Lesser Servant of |       |       |       |     3 ||     3
 Abil: Spit Poison       |    21 |    15 |    13 |     4 ||    53
Evoke: Wand              |       |       |     4 |       ||     4
  Use: Scroll            |     4 |     4 |     6 |    11 ||    25
       Potion            |       |     5 |     1 |     2 ||     8
 Stab: Sleeping          |     5 |     6 |     9 |     1 ||    21
       Distracted        |       |       |       |     1 ||     1
Armor: Robe              |    28 |    40 |       |       ||    68
       Ring mail         |       |     6 |   182 |   164 ||   352
Dodge: Dodged            |    77 |   175 |   456 |   352 ||  1060

Table legend: (Time is in decaauts)
 A = Elapsed time spent in this place.
 B = Non-inter-level travel time spent in this place.
 C = Inter-level travel time spent in this place.
 D = Time resting spent in this place.
 E = Time spent auto-exploring this place.
 F = Levels seen in this place.
 G = Mean time per level.
                   A        B        C        D        E       F      G
               +--------+--------+--------+--------+--------+-----+--------+
         Total |  13638 |  12567 |   1071 |    492 |   7541 |  11 | 1239.8 |
       Dungeon |  12793 |  11765 |   1028 |    492 |   7247 |   9 | 1421.4 |
        Temple |    380 |    337 |     43 |      0 |    277 |   1 |  380.0 |
       Ossuary |    465 |    465 |      0 |      0 |     17 |   1 |  465.0 |
               +--------+--------+--------+--------+--------+-----+--------+

Top non-repeatable levels by time:
     D:4: 2134 daAuts
     D:6: 1909 daAuts
     D:7: 1784 daAuts
     D:3: 1533 daAuts
     D:2: 1479 daAuts
     D:5: 1219 daAuts
     D:1: 1063 daAuts
     D:8: 1025 daAuts
     D:9: 643 daAuts
 Ossuary: 465 daAuts
  Temple: 380 daAuts
